Map: Abiogenesis LE

Players

DoTheMath - Winner!

  • Race: Zerg Zerg
  • League: Diamond
  • Spawn Location: 5:00

Juxtapose

  • Race: Protoss Protoss
  • League: Platinum
  • Spawn Location: 11:00

VOD

https://youtu.be/Srvy2LDu6JE

Description

While I continue to struggle this Season and have been bumped down to Gold League Tier 1 MMR, of course the matchmaking system pits me against a Diamond League opponent.

He's a Gold League Zerg with 0 losses, and a Diamond Level Random Player.

No hate towards my opponent, he's done nothing wrong, but my frustrating with the matchmaking system this game was pretty strong.

Time

  • Played on: Feb. 25, 2018, 10:53 a.m.
  • Length: 5:30
Show
View Real Time Build Order
Export as new Build Order

DoTheMath Zerg - Winner!

Build Orders: Hatch First 

Get SALT Encoding   

  12  0:00  Drone  
  13  0:12  Overlord  
  13  0:20  Drone  
  14  0:31  Drone x2  
  14  0:35  Drone  
  17  0:55  Hatchery  
  16  0:57  Drone  
  16  0:59  Extractor  
  16  1:02  Drone  
  17  1:20  Drone, Spawning Pool  
  18  1:25  Drone  
  18  1:34  Drone  
  19  1:53  Overlord  
  19  1:54  Drone  
  20  2:09  Drone x2  
  20  2:10  Queen x2  
  20  2:12  Drone  
  27  2:19  Evolution Chamber  
  27  2:22  Metabolic Boost  
  26  2:26  Drone  
  27  2:30  Drone  
  27  2:32  Drone  
  27  2:34  Drone  
  30  2:47  Zerg Melee Weapons Level 1  
  30  2:50  Zergling x6  
  33  2:54  Drone  
  34  3:12  Hatchery  
  33  3:15  Drone x3  
  33  3:16  Overlord  
  36  3:37  Zergling x2  
  36  3:38  Zergling x10  
  41  4:01  Zergling x2  
  41  4:02  Zergling x2, Overlord  
  43  4:03  Overlord  
  42  4:16  Spore Crawler  
  38  4:17  Hatchery  
  33  4:33  Zergling x20  
  33  4:35  Queen  
  44  4:38  Spore Crawler  
  42  4:47  Drone x3  
  42  4:48  Drone  
  46  5:02  Drone x4  
  46  5:03  Drone  
Show
View Real Time Build Order
Export as new Build Order

Juxtapose Protoss 

Build Orders: Oracle Opening 

Get SALT Encoding   

  12  0:01  Probe  
  13  0:13  Probe  
  14  0:20  Pylon  
  14  0:25  Probe  
  15  0:38  Probe  
  15  0:42  Gateway  
  16  0:50  Probe  
  17  1:01  Assimilator  
  17  1:02  Probe  
  18  1:05  Assimilator  
  18  1:10  Pylon  
  18  1:14  Probe  
  19  1:26  Probe  
  20  1:36  Zealot  
  20  1:38  Probe  
  23  1:43  Cybernetics Core  
  23  1:51  Probe  
  24  1:58  Pylon  
  24  2:03  Probe  
  25  2:23  Stargate  
  25  2:26  Probe  
  25  2:29  Warp Gate  
  26  2:39  Nexus  
  26  2:50  Shield Battery  
  26  3:04  Oracle (Chrono Boost)  
  30  3:12  Probe  
  30  3:24  Gateway  
  30  3:25  Probe  
  30  3:27  Zealot (Chrono Boost)  
  32  3:37  Twilight Council  
  30  3:56  Zealot  
  30  4:00  Phoenix  
  32  4:34  Stalker  
  32  4:35  Adept  
  36  4:52  Pylon  
  36  4:56  Pylon  
  36  4:59  Gateway  
  36  5:00  Gateway  
  36  5:02  Adept  
  38  5:07  Pylon  
Tags
 
Add a new tag
Caveats
  • Supply blocks, unpowered buildings, or Contaminate may cause inaccurate times.
  • Supply counts are checked every 10 seconds.